Map: Deathaura LE

Players

A.I. 1 (Elite) - Winner!

  • Race: Terran Terran
  • Spawn Location: 5:00

ElemenT

  • Race: Zerg Zerg
  • League: Diamond
  • Spawn Location: 11:00

VOD

Have the link to the VOD?

Description

Time

  • Played on: Dec. 18, 2020, 5:15 p.m.
  • Length: 4:33
Show
View Real Time Build Order
Export as new Build Order

A.I. 1 (Elite) Terran - Winner!

Build Orders: 2 Factory 

Get SALT Encoding   

  12  0:00  SCV  
  13  0:13  SCV  
  14  0:18  Supply Depot  
  14  0:25  SCV  
  15  0:39  SCV  
  16  0:44  Barracks  
  16  0:51  SCV  
  17  1:03  SCV  
  18  1:15  SCV  
  18  1:17  Supply Depot  
  19  1:20  Refinery  
  19  1:28  SCV  
  19  1:32  Marine  
  21  1:40  SCV  
  22  1:49  Refinery  
  22  1:50  Marine  
  22  1:52  SCV  
  24  2:04  SCV  
  24  2:08  Marine  
  26  2:16  SCV  
  26  2:19  Factory  
  27  2:26  Marine  
  27  2:28  SCV  
  29  2:39  Factory  
  29  2:40  SCV  
  29  2:43  Marine, Supply Depot  
  31  2:53  Orbital Command  
  31  3:05  Marine  
  32  3:06  Factory Tech Lab  
  32  3:18  SCV  
  33  3:22  Marine  
  33  3:24  Factory Tech Lab, Supply Depot  
  32  3:30  SCV  
  30  3:40  Marine  
  29  3:43  SCV  
  27  3:55  SCV  
  26  3:58  Marine  
  21  4:07  SCV  
  17  4:19  SCV  
Show
View Real Time Build Order
Export as new Build Order

ElemenT Zerg 

Build Orders: Pool First 

Get SALT Encoding   

  12  0:00  Drone  
  13  0:12  Overlord  
  13  0:16  Drone  
  14  0:30  Drone x2  
  16  0:41  Spawning Pool  
  15  1:03  Hatchery  
  14  1:06  Drone  
  14  1:09  Drone  
  16  1:13  Drone  
  17  1:21  Extractor  
  16  1:30  Roach Warren, Zergling x2  
  16  1:33  Drone  
  17  1:46  Overlord  
  17  2:11  Roach  
  17  2:12  Roach  
  17  2:13  Roach  
  23  2:17  Queen  
  23  2:20  Queen  
  27  2:24  Drone  
  28  2:35  Drone  
  28  2:36  Drone  
  30  2:39  Overlord  
  29  2:48  Drone x2  
  31  3:00  Drone x2  
  31  3:01  Drone  
  34  3:20  Hatchery  
  34  3:21  Drone  
  34  3:32  Ravager  
  35  3:35  Drone x2  
  35  3:38  Ravager  
  38  3:49  Ravager  
  38  3:51  Drone x2  
  41  3:56  Queen  
  41  4:01  Drone, Overlord  
  44  4:03  Overlord  
  44  4:14  Overlord  
Tags
 
Add a new tag
Caveats
  • Supply blocks, unpowered buildings, or Contaminate may cause inaccurate times.
  • Supply counts are checked every 10 seconds.